 Dungeon Crawl Stone Soup version 0.31-a0-879-g1609e0ac53 (webtiles) character file.

Game seed: 37784552737435695

3507 Darius099 the Severer (level 9, -2/70 HPs)
             Began as a Minotaur Fighter on Oct 14, 2023.
             Was a Follower of Okawaru.
             Killed from afar by an electric eel (14 damage)
             ... with a bolt of electricity
             ... on level 8 of the Dungeon.
             The game lasted 00:14:04 (6370 turns).

Darius099 the Severer (Minotaur Fighter)            Turns: 6370, Time: 00:14:05

Health: -2/70      AC: 11    Str: 24    XL:     9   Next: 81%
Magic:  8/8        EV:  6    Int:  5    God:    Okawaru [*.....]
Gold:   493        SH:  4    Dex: 11    Spells: 8/8 levels left

rFire   . . .        w - +11 hand axe of Indomitability {holy, Will+}
rCold   + . .        c - +0 buckler
rNeg    . . .        b - +0 plate armour
rPois   .            (helmet restricted)
rElec   .            (no cloak)
rCorr   .            (no gloves)
SInv    .            (no boots)
Will    +....        D - amulet of regeneration Stlth
                     j - ring of protection from cold
HPRegen 1.11/turn    o - +4 ring of slaying
MPRegen 0.11/turn

%: no passive effects
@: no status effects
A: horns 2, retaliatory headbutt
a: Renounce Religion, Heroism


You were on level 8 of the Dungeon.
You worshipped Okawaru.
Okawaru was aware of your devotion.
You visited 2 branches of the dungeon, and saw 10 of its levels.

You collected 493 gold pieces.

Inventory:

Hand Weapons
 w - the +11 hand axe of Indomitability (weapon) {holy, Will+}
   (You found it on level 3 of the Dungeon)

   Will+:     It increases your willpower.
Armour
 b - a +0 plate armour (worn)
 c - a +0 buckler (worn)
Jewellery
 a - an amulet of faith
 j - a ring of protection from cold (left hand)
 o - a +4 ring of slaying (right hand)
 D - an amulet of regeneration (around neck)
 E - an amulet of the acrobat
Wands
 y - a wand of flame (28)
 C - a wand of light (6)
Scrolls
 f - a scroll of torment {unknown}
 g - 2 scrolls of fog {unknown}
 h - a scroll of immolation {unknown}
 i - a scroll of enchant weapon {unknown}
 k - 2 scrolls of teleportation {unknown}
 m - 10 scrolls of identify {unknown}
 q - a scroll of blinking {unknown}
 r - 2 scrolls of vulnerability {unknown}
 s - a scroll of silence {unknown}
 z - a scroll of amnesia {unknown}
 A - a scroll of revelation {unknown}
 F - a scroll of summoning {unknown}
 G - a scroll of noise {unknown}
Potions
 d - 3 potions of might
 e - 4 potions of curing {unknown}
 l - 4 potions of brilliance {unknown}
 n - 2 potions of heal wounds {unknown}
 p - a potion of haste {unknown}
 t - a potion of attraction {unknown}
 u - 3 potions of degeneration {unknown}
 v - a potion of enlightenment {unknown}
 x - a potion of magic {unknown}
 B - a potion of invisibility {unknown}
Miscellaneous
 H - a lightning rod (4/4)


   Skills:
 - Level 3.6 Fighting
 + Level 16.5 Axes
 - Level 3.6 Armour
 - Level 3.6 Shields


You had 8 spell levels left.
You didn't know any spells.
Your spell library contained the following spells:

 Spells                   Type           Power      Damage    Failure   Level
 Ensorcelled Hibernation  Hex/Ice        0%         N/A       100%        2
 Passwall                 Tmut/Erth      0%         N/A       100%        2
 Swiftness                Air            0%         N/A       100%        3
 Summon Small Mammal      Summ           Unusable   N/A       N/A         1
 Call Canine Familiar     Summ           Unusable   N/A       N/A         3
 Summon Guardian Golem    Hex/Summ       Unusable   N/A       N/A         3

Dungeon Overview and Level Annotations

Branches:
Dungeon (9/15)             Temple (1/1) D:7
   Lair: D:8-11         Orc: D:9-12

Altars:
Ashenzari
Cheibriados
Dithmenos
Elyvilon
Gozag
Hepliaklqana
Kikubaaqudgha
Makhleb
Nemelex Xobeh
Okawaru
Qazlal
Ru
Sif Muna
Trog
Uskayaw
Vehumet
Wu Jian
Yredelemnul
Zin
The Shining One

Shops:
D:6 :


Innate Abilities, Weirdness & Mutations

You have a pair of horns on your head.
You reflexively headbutt those who attack you in melee.


Message History

Why would you want to do that? Why would you want to do that?
Why would you want to do that?
An electric eel comes into view.
The electric eel shoots out a bolt of lightning at you!
The bolt of electricity misses you.
You enter the shallow water.
Moving in this stuff is going to be slow.
The electric eel shoots out a bolt of lightning at you!
The bolt of electricity hits you.
An electric eel comes into view. 2 electric eels come into view.
The electric eel shoots out a bolt of lightning at you!
The bolt of electricity hits the plant!
The plant begins to die.
The bolt of electricity hits the plant!
The plant begins to die.
The bolt of electricity hits you!
The electric eel shoots out a bolt of lightning at you!
The bolt of electricity hits you!
The electric eel shoots out a bolt of lightning at you!
The bolt of electricity hits you!
The electric eel shoots out a bolt of lightning at you!
The bolt of electricity hits the plant!
The bolt of electricity hits the plant.
The bolt of electricity hits you.
The electric eel shoots out a bolt of lightning at you!
The bolt of electricity hits the electric eel.
The electric eel completely resists.
The bolt of electricity hits you!
The electric eel shoots out a bolt of lightning at you!
The bolt of electricity hits the electric eel.
The electric eel completely resists.
The bolt of electricity hits the plant!
The plant begins to die.
The bolt of electricity hits you.
The electric eel shoots out a bolt of lightning at you!
The bolt of electricity hits the electric eel.
The electric eel completely resists.
The bolt of electricity hits the plant!
The bolt of electricity hits you!
* * * LOW HITPOINT WARNING * * *
A centaur comes into view.
The centaur shouts!
The electric eel shoots out a bolt of lightning at you!
The bolt of electricity hits the plant.
The bolt of electricity hits you!
You die...

S........................#
~P~~.....................#
≈~≈.P....................#
≈≈~~P~~.~...~~.~~~~..~~..#
≈≈≈≈≈~~~~~~~P~~~~~~.~.####
≈≈≈≈S≈~~~≈≈≈≈≈≈≈≈~~~P≈≈≈#
~~S≈≈≈S~~~~~≈≈≈≈≈≈≈≈≈≈≈≈≈≈
~.~~~~~P..~P.P~P~≈≈≈≈≈≈≈≈≈
.....~...@..~P..~..~.#####
#.......###........)..
#.####### #............ .
............. .....#####..
c. .


You could see a centaur and 3 electric eels.

Vanquished Creatures
  Pikel (D:7)
  A gargoyle (D:6)
  2 raiju (D:7)
  An acid dragon (D:8)
  A water moccasin (D:7)
  A sky beast (D:6)
  4 centaurs
  2 ogres
  3 lemures (D:7)
  A kobold brigand (D:8)
  5 phantoms
  3 bullfrogs
  3 scorpions
  A howler monkey (D:6)
  4 electric eels
  3 jellies
  3 hounds
  2 sleepcaps (D:5)
  3 iguanas
  4 orc wizards
  8 adders
  A shadow imp (D:5)
  2 white imps
  4 ufetubi (D:4)
  A worm (D:3)
  3 dart slugs
  13 orcs
  5 bats
  6 endoplasms
  3 giant cockroaches
  6 goblins
  9 hobgoblins
  5 jackals
  5 quokkas
  3 ball pythons
  3 frilled lizards
  14 kobolds
  3 rats
142 creatures vanquished.

Notes
Turn   | Place    | Note
-------+----------+-------------------------------------------
     0 | D:1      | Darius099 the Minotaur Fighter began the quest for the Orb.
     0 | D:1      | Reached XP level 1. HP: 19/19 MP: 0/0
   176 | D:1      | Reached skill level 3 in Axes
   231 | D:1      | Reached XP level 2. HP: 3/26 MP: 1/1
   530 | D:1      | Reached skill level 4 in Axes
   886 | D:2      | Found a faded altar of an unknown god.
   894 | D:2      | Reached XP level 3. HP: 31/31 MP: 2/2
  2016 | D:3      | Found a hazy altar of Hepliaklqana.
  2023 | D:3      | Found an opulent altar of Gozag.
  2317 | D:3      | Found a shimmering blue altar of Sif Muna.
  2388 | D:3      | Found a broken altar of Ashenzari.
  2390 | D:3      | Identified the +11 hand axe of Indomitability {holy, Will+}
  2540 | D:3      | Reached skill level 5 in Axes
  2965 | D:4      | Noticed a phantom
  2968 | D:4      | Killed a phantom
  2969 | D:4      | Reached skill level 6 in Axes
  2969 | D:4      | Reached XP level 4. HP: 37/39 MP: 3/3
  3002 | D:4      | Reached XP level 5. HP: 45/45 MP: 4/4
  3017 | D:4      | Found a burning altar of Makhleb.
  3018 | D:4      | Found a glowing silver altar of Zin.
  3018 | D:4      | Noticed an angel
  3019 | D:4      | Noticed a cacodemon
  3095 | D:4      | Noticed a phantom
  3108 | D:4      | Reached skill level 7 in Axes
  3112 | D:4      | Killed a phantom
  3113 | D:4      | Reached XP level 6. HP: 49/51 MP: 5/5
  3147 | D:4      | Found a radiant altar of Vehumet.
  3236 | D:4      | Reached skill level 8 in Axes
  3790 | D:5      | Entered Level 5 of the Dungeon
  3820 | D:5      | Reached skill level 9 in Axes
  3841 | D:5      | Reached XP level 7. HP: 57/57 MP: 6/6
  3876 | D:5      | Reached skill level 10 in Axes
  4027 | D:5      | Found a shadowy altar of Dithmenos.
  4526 | D:6      | Reached skill level 11 in Axes
  4530 | D:6      | Reached XP level 8. HP: 54/64 MP: 7/7
  4845 | D:6      | Noticed a gargoyle
  4852 | D:6      | Killed a gargoyle
  4853 | D:6      | Reached skill level 12 in Axes
  4857 | D:6      | Found Sanol's Vocational Training.
  4883 | D:6      | You fall into a shaft and drop 3 floors!
  4890 | D:7      | Noticed Pikel
  4891 | D:7      | Identified the staff "Upiuneh" {rPois rC+ Str-4 Ice Earth}
  4901 | D:7      | Killed Pikel
  4902 | D:7      | Reached skill level 13 in Axes
  4973 | D:6      | Reached XP level 9. HP: 70/70 MP: 8/8
  5011 | D:6      | Reached skill level 14 in Axes
  5089 | D:7      | Found a staircase to the Ecumenical Temple.
  5094 | Temple   | Entered the Ecumenical Temple
  5250 | D:7      | Found a stormy altar of Qazlal.
  5324 | D:7      | Found an iron altar of Okawaru.
  5347 | D:7      | Became a worshipper of Warmaster Okawaru
  5681 | D:7      | Reached skill level 15 in Axes
  5924 | D:8      | Reached * piety under Okawaru
  6002 | D:8      | Reached skill level 16 in Axes
  6260 | D:8      | Found a white marble altar of Elyvilon.
  6262 | D:8      | Found a sparkling altar of Nemelex Xobeh.
  6370 | D:8      | Killed from afar by an electric eel

Illustrated notes

Levels and vault maps discovered:
D:1:      dpeg_arrival_more_subterranean_lakeside_camping, layout_basic,
          st_stairs_3, minmay_cupped
D:2:      layout_basic, ebering_ecumenical_altar_box
D:3:      layout_basic, nicolae_sif_muna_little_library,
          mainiacjoe_overflow_small_starburst, marbit_many_paths,
          nicolae_gozag_seed_capital
D:4:      layout_basic, grunt_temple_overflow_order_and_chaos_2,
          vehumet_altar_wand_db
D:5:      layout_basic, lemuel_round_altar
D:6:      layout_loops_cross, nicolae_shop_vocational
D:7:      layout_loops_ring, grunt_qazlal_sundering, okawaru_trees_2,
          minmay_temple_entry_glassed_door, serial_glass, glass_columns_c,
          glass_columns_b, due_unseen_surprise, minmay_strange_pillars,
          feat_on_display, feat_on_display, nicolae_have_a_lightning_rod,
          uniq_pikel
D:8:      layout_gridville, kennysheep_little_box, jmf_multi_god_temple,
          minmay_hedge_maze, chequers_decorated_corner, chequers_big_river
D:9:      layout_basic, grunt_lair_entry_orc_guard_hut, orc_0_dummy,
          gammafunk_ghost_necromancy, chequers_serial_rivers_micro_c
Temple:   hellmonk_temple_micro_hex

Skill      XL: |  1  2  3  4  5  6  7  8  9 |
---------------+----------------------------+-----
Axes           | 3 4 6 7 9 11 13 16 | 16.5
Fighting       | |  3.6
Armour         | |  3.6
Shields        | |  3.6

Action                     |  1- 3 |  4- 6 |  7- 9 || total
---------------------------+-------+-------+-------++-------
  Melee: War axe           |    85 |       |       ||    85
         Headbutt          |     8 |     6 |    19 ||    33
         Hand axe          |     9 |    45 |   128 ||   182
 Armour: Scale mail        |    47 |       |       ||    47
         Plate armour      |    29 |    20 |   129 ||   178
  Dodge: Dodged            |    30 |     6 |    33 ||    69
  Block: Buckler           |     8 |     6 |    12 ||    26

Table legend: (Time is in decaauts)
 A = Elapsed time spent in this place.
 B = Non-inter-level travel time spent in this place.
 C = Inter-level travel time spent in this place.
 D = Time resting spent in this place.
 E = Time spent auto-exploring this place.
 F = Levels seen in this place.
 G = Mean time per level.
                   A        B        C        D        E       F      G
               +--------+--------+--------+--------+--------+-----+--------+
         Total |   6364 |   6293 |     71 |    341 |   4493 |  10 |  636.4 |
       Dungeon |   6362 |   6291 |     71 |    341 |   4493 |   9 |  706.9 |
        Temple |      1 |      1 |      0 |      0 |      0 |   1 |    1.0 |
               +--------+--------+--------+--------+--------+-----+--------+

Top non-repeatable levels by time:
     D:2: 1204 daAuts
     D:3: 976 daAuts
     D:7: 857 daAuts
     D:4: 824 daAuts
     D:1: 810 daAuts
     D:5: 667 daAuts
     D:6: 566 daAuts
     D:8: 452 daAuts
     D:9: 2 daAuts
  Temple: 1 daAuts
